 Dungeon Crawl Stone Soup version 0.30-a0-857-gcaf70739d4 (webtiles) character file.

Game seed: 16376758304723085125

18042 Twinkles the Nimble (level 12, -5/92 HPs)
             Began as a Gnoll Hexslinger on Mar 5, 2023.
             Was an Initiate of Gozag.
             Slain by a death yak (12 damage)
             ... on level 3 of the Lair of Beasts.
             The game lasted 01:12:28 (17995 turns).

Twinkles the Nimble (Gnoll Hexslinger)             Turns: 17995, Time: 01:12:28

Health: -5/92      AC: 17    Str: 12    XL:     12   Next: 54%
Magic:  0/24       EV: 14    Int: 14    God:    Gozag
Gold:   138        SH:  0    Dex: 17    Spells: 23/27 levels left

rFire   + . .      SeeInvis .    b - +9 glaive "Acarineslayer" {freeze, rN+ Will++ Str+3 Stlth+}
rCold   . . .      Faith    .    (shield currently unavailable)
rNeg    + . .      Spirit   +    g - +0 chain mail
rPois   .          Reflect  .    n - +0 helmet
rElec   .          Rampage  .    o - +1 cloak
rCorr   .                        I - +0 pair of gloves
Will    ++...                    X - +0 pair of boots
Stlth   ++                       K - amulet of guardian spirit
HPRegen 0.35/turn                u - ring of protection from fire
MPRegen 0.19/turn                w - +5 ring of evasion

@: brilliant, about to teleport, gold aura
A: fangs 1, strong nose, distributed training
a: Renounce Religion, Potion Petition, Call Merchant, Bribe Branch


You were on level 3 of the Lair of Beasts.
You worshipped Gozag.
Gozag was aware of your devotion.
You visited 3 branches of the dungeon, and saw 14 of its levels.
You also visited: Sewer, Ossuary and Ice Cave.

You collected 2749 gold pieces.
You paid 2611 gold pieces to Gozag.

Inventory:

Hand Weapons
 a - a +1 sling
 b - the +9 glaive "Acarineslayer" (weapon) {freeze, rN+ Will++ Str+3 Stlth+}
   (You found it on level 9 of the Dungeon)

   Str:       It affects your strength (+3).
   rN:        It protects you from negative energy.
   Will:      It greatly increases your willpower.
   Stlth:     It makes you more stealthy.
 c - a +2 dagger of venom
 f - a +3 scimitar
 D - a +0 antimagic dagger
 S - a +1 whip of electrocution
Missiles
 r - 5 atropa-tipped darts
 v - 25 poisoned darts
 y - 2 throwing nets
Armour
 g - a +0 chain mail (worn)
 n - a +0 helmet (worn)
 o - a +1 cloak (worn)
 I - a +0 pair of gloves (worn)
 X - a +0 pair of boots (worn)
Jewellery
 m - a +6 ring of dexterity
 u - a ring of protection from fire (left hand)
 w - a +5 ring of evasion (right hand)
 x - a +4 ring of slaying
 K - an amulet of guardian spirit (around neck)
 W - a +6 ring of dexterity
Wands
 i - a wand of iceblast (9)
 j - a wand of polymorph (6)
 V - a wand of light (5)
Scrolls
 e - a scroll of vulnerability {unknown}
 h - 4 scrolls of torment {unknown}
 k - a scroll of butterflies {unknown}
 l - a scroll of blinking {unknown}
 p - a scroll of brand weapon {unknown}
 s - 2 scrolls of amnesia
 z - 3 scrolls of immolation {unknown}
 A - 6 scrolls of poison
 E - 2 scrolls of fear
 F - 4 scrolls of fog
 O - 2 scrolls of enchant weapon {unknown}
 Y - 2 scrolls of teleportation
 Z - a scroll of identify
Potions
 B - 4 potions of brilliance
 C - a potion of cancellation
 G - 2 potions of ambrosia
 H - a potion of haste
 J - a potion of curing
 L - 2 potions of flight
 M - 5 potions of might
 P - 2 potions of lignification
 Q - 3 potions of magic
 R - 4 potions of resistance
 U - 3 potions of mutation


   Skills:
 + Level 8.1 Fighting
 + Level 7.6 Short Blades
 + Level 7.6 Long Blades
 + Level 7.6 Axes
 + Level 7.6 Maces & Flails
 + Level 7.6 Polearms
 + Level 7.6 Staves
 + Level 9.0 Ranged Weapons
 + Level 7.6 Throwing
 + Level 7.6 Armour
 + Level 9.0 Dodging
 + Level 7.6 Stealth
 + Level 7.6 Shields
 + Level 7.6 Unarmed Combat
 + Level 8.2 Spellcasting
 + Level 6.3 Conjurations
 + Level 8.5 Hexes
 + Level 6.3 Summonings
 + Level 6.3 Necromancy
 + Level 6.3 Translocations
 + Level 6.3 Transmutations
 + Level 6.3 Fire Magic
 + Level 6.3 Ice Magic
 + Level 6.3 Air Magic
 + Level 6.3 Earth Magic
 + Level 6.3 Poison Magic
 + Level 8.4 Invocations
 + Level 7.6 Evocations


You had 23 spell levels left.
You knew the following spells:

 Your Spells              Type           Power      Damage    Failure   Level
a - Slow                  Hex            100%       N/A       10%         1
b - Mephitic Cloud        Conj/Pois/Air  35%        N/A       56%         3

Your spell library contained the following spells:

 Spells                   Type           Power      Damage    Failure   Level
 Magic Dart               Conj           100%       1d8       22%         1
 Cigotuvi's Dreadful Rot  Necr/Pois/Air  70%        N/A       34%         2
 Poisonous Vapours        Pois/Air       70%        N/A       34%         2
 Searing Ray              Conj           70%        2d7       34%         2
 Inner Flame              Hex/Fire       39%        N/A       41%         3
 Portal Projectile        Hex/Tloc       78%        N/A       41%         3
 Frozen Ramparts          Ice            70%        1d11      56%         3
 Ozocubu's Armour         Ice            35%        N/A       56%         3
 Cause Fear               Hex            22%        N/A       67%         4
 Fulminant Prism          Conj/Hex       19%        3d11      82%         4
 Ice Form                 Ice/Tmut       35%        N/A       92%         4
 Summon Ice Beast         Ice/Summ       35%        N/A       92%         4
 Ozocubu's Refrigeration  Ice            17%        4d11      100%        7


Dungeon Overview and Level Annotations

Branches:
Dungeon (10/15) Zot: 24938  Temple (1/1) D:4 Zot: 5970    Lair (3/5) D:9 Zot: 15047
  Sewer (visited)         Ossuary (visited)           IceCv (visited)
  Swamp: Lair:2-3    Shoals: Lair:2-3     Snake: Lair:2-3    Spider: Lair:2-3
    Orc: D:9-12

Altars:
Ashenzari
Cheibriados
Dithmenos
Elyvilon
Fedhas
Gozag
Hepliaklqana
Kikubaaqudgha
Makhleb
Okawaru
Qazlal
Sif Muna
Trog
Uskayaw
Vehumet
Wu Jian
Xom
Yredelemnul
Zin
The Shining One

Shops:
D:9 =

Annotations:
D:4 3 runed translucent doors, ragingrage's ghost, amateur DsDe
Lair:2 6 exclusions


Innate Abilities, Weirdness & Mutations

You have very sharp teeth.
Your uncanny sense of smell can sniff out nearby items.
Your experience applies equally to all skills.


Message History

You feel sick. The water moccasin bites you.
The dream sheep shake their wool and sparkle.
You feel drowsy...
You fall asleep.
The water moccasin bites you!!
You wake up.
* * * LOW HITPOINT WARNING * * *
Unknown command.
You slash the water moccasin! You freeze the water moccasin.
You kill the water moccasin!
Your surroundings suddenly seem different. 4 death yaks come into view.
Found a scroll of fog.
You feel sick.
The death yak bellows! x2; You hear a loud, deep croak!
Okay, then.
Unknown command.
What are your orders? t - Bark!
Orders for allies: a - Attack new target. r - Retreat! s - Stop attacking. g - Guard the area. f - Follow me.
Anything else - Cancel.
Okay, then.
Unknown command.
As you read the scroll of teleportation, it crumbles to dust.
You feel strangely unstable.
You feel sick.
You are no longer poisoned.
A bullfrog comes into view.
You feel much better.
The death yak bellows!
The death yak gores you!!
* * * LOW HITPOINT WARNING * * *
The death yak misses you. The death yak attacks as you move away!
The death yak gores you but does no damage.
You slash the death yak! You freeze the death yak.
The death yak is lightly wounded.
The death yak gores you.
* * * LOW HITPOINT WARNING * * *
The death yak gores you!
You die...
Your body crumbles into a pile of gold.

........?....##
...............
...............
...............
...............
.......Y......#
.....F.......#
#YYY.# ##@###
###


You could see 4 death yaks and a bullfrog.

Vanquished Creatures
  A catoblepas (Lair:1)
  2 death yaks (Lair:3)
  Amaemon (Lair:1)
  Pikel (D:6)
  4 orange demons
  5 komodo dragons
  3 cane toads
  Psyche (D:8)
  2 red devils (D:10)
  2 polar bears (IceCv)
  A troll (D:7)
  3 blink frogs (Lair:2)
  Sigmund (D:2)
  2 wyverns
  A shadow (D:8)
  A wraith (D:10)
  17 yaks
  3 vampire mosquitoes (D:10)
  2 basilisks (Lair:2)
  A steam dragon (D:7)
  4 water moccasins
  3 ice beasts
  6 orc warriors
  A black bear (D:4)
  2 ogres (D:5)
  A sky beast (D:7)
  4 centaurs
  3 wolves
  A phantom (D:6)
  3 lemures (D:6)
  3 kobold brigands
  Blork the orc (D:5)
  4 bullfrogs
  4 gnoll sergeants
  12 scorpions
  8 wights
  7 howler monkeys
  An electric eel (D:7)
  7 hounds
  6 orc priests
  2 jellies (Sewer)
  A sleepcap (D:5)
  5 gnoll boudas
  3 iguanas (D:5)
  9 orc wizards
  7 scorpion zombies (Ossuary)
  4 hell rats (Lair:1)
  4 mummies
  42 gnolls
  A river rat (Sewer)
  5 adders
  A shadow imp (D:8)
  2 ufetubi (D:5)
  3 worms
  A dart slug (D:2)
  32 orcs
  6 ball pythons
  14 endoplasms
  2 giant cockroaches
  2 gnoll zombies (Ossuary)
  6 goblins
  3 hobgoblins
  4 jackals (D:7)
  A quokka (D:1)
  7 bats
  8 frilled lizards
  2 goblin zombies
  A hobgoblin zombie (D:7)
  16 kobolds
  A kobold zombie (Ossuary)
  4 orc zombies (Ossuary)
  8 rats
342 creatures vanquished.

Vanquished Creatures (others)
  4 fungi
  9 plants
13 creatures vanquished.

Grand Total: 355 creatures vanquished

Notes
Turn   | Place    | Note
-------+----------+-------------------------------------------
     0 | D:1      | Twinkles the Gnoll Hexslinger began the quest for the Orb.
     0 | D:1      | Reached XP level 1. HP: 17/17 MP: 4/4
   250 | D:1      | Reached XP level 2. HP: 23/23 MP: 5/5
   668 | D:1      | Found a faded altar of an unknown god.
   995 | D:2      | Noticed Sigmund
  1006 | D:2      | Killed Sigmund
  1007 | D:2      | Reached skill level 1 in Short Blades
  1007 | D:2      | Reached skill level 1 in Long Blades
  1007 | D:2      | Reached skill level 1 in Axes
  1007 | D:2      | Reached skill level 1 in Maces & Flails
  1007 | D:2      | Reached skill level 1 in Polearms
  1007 | D:2      | Reached skill level 1 in Staves
  1007 | D:2      | Reached skill level 1 in Throwing
  1007 | D:2      | Reached skill level 1 in Armour
  1007 | D:2      | Reached skill level 1 in Stealth
  1007 | D:2      | Reached skill level 1 in Shields
  1007 | D:2      | Reached skill level 1 in Unarmed Combat
  1007 | D:2      | Reached skill level 1 in Conjurations
  1007 | D:2      | Reached skill level 1 in Summonings
  1007 | D:2      | Reached skill level 1 in Necromancy
  1007 | D:2      | Reached skill level 1 in Translocations
  1007 | D:2      | Reached skill level 1 in Transmutations
  1007 | D:2      | Reached skill level 1 in Fire Magic
  1007 | D:2      | Reached skill level 1 in Ice Magic
  1007 | D:2      | Reached skill level 1 in Air Magic
  1007 | D:2      | Reached skill level 1 in Earth Magic
  1007 | D:2      | Reached skill level 1 in Poison Magic
  1007 | D:2      | Reached skill level 1 in Invocations
  1007 | D:2      | Reached skill level 1 in Evocations
  1007 | D:2      | Reached XP level 3. HP: 16/29 MP: 5/7
  1007 | D:2      | Reached XP level 4. HP: 19/35 MP: 5/8
  1007 | D:2      | Reached XP level 5. HP: 22/41 MP: 5/9
  1734 | D:3      | Found a radiant altar of Vehumet.
  1906 | D:3      | Identified the +0 robe "Ifoex" {rF+}
  2014 | D:3      | Reached XP level 6. HP: 44/47 MP: 11/11
  2199 | D:3      | HP: 14/47 [poisoned by a scorpion]
  2200 | D:3      | Reached skill level 5 in Ranged Weapons
  2200 | D:3      | Reached skill level 5 in Dodging
  2204 | D:3      | HP: 8/47 [poisoned by a scorpion]
  2433 | D:4      | Found a staircase to the Ecumenical Temple.
  2439 | Temple   | Entered the Ecumenical Temple
  2461 | Temple   | Became a worshipper of Gozag Ym Sagoz the Greedy
  2505 | D:4      | Found a runed translucent gate.
  2506 | D:4      | Found a runed translucent gate.
  2506 | D:4      | Found a runed translucent gate.
  2508 | D:4      | Noticed ragingrage's ghost (amateur DsDe)
  2690 | D:4      | Noticed a black bear
  2845 | D:4      | Found a stormy altar of Qazlal.
  3045 | D:4      | Reached XP level 7. HP: 51/52 MP: 12/12
  3571 | D:5      | Entered Level 5 of the Dungeon
  3635 | D:5      | Found a blossoming altar of Fedhas.
  3779 | D:5      | Found a glowing drain.
  3804 | Sewer    | Entered a sewer
  3980 | Sewer    | Found a viscous altar of Jiyva.
  3994 | Sewer    | Reached XP level 8. HP: 60/60 MP: 14/14
  4121 | D:5      | HP: 15/60 [ice beast (13)]
  4188 | D:5      | Noticed Blork the orc
  4516 | D:5      | Killed Blork the orc
  5600 | D:5      | Reached XP level 9. HP: 67/67 MP: 16/16
  5975 | D:6      | Reached skill level 5 in Spellcasting
  6091 | D:6      | Noticed Pikel
  6308 | D:6      | Reached skill level 5 in Fighting
  6767 | D:6      | Found a bloodstained altar of Trog.
  7700 | D:6      | Killed Pikel
  7701 | D:6      | Reached skill level 5 in Invocations
  8382 | D:7      | Reached skill level 5 in Short Blades
  8382 | D:7      | Reached skill level 5 in Long Blades
  8382 | D:7      | Reached skill level 5 in Axes
  8382 | D:7      | Reached skill level 5 in Maces & Flails
  8382 | D:7      | Reached skill level 5 in Polearms
  8382 | D:7      | Reached skill level 5 in Staves
  8382 | D:7      | Reached skill level 5 in Throwing
  8382 | D:7      | Reached skill level 5 in Armour
  8382 | D:7      | Reached skill level 5 in Stealth
  8382 | D:7      | Reached skill level 5 in Shields
  8382 | D:7      | Reached skill level 5 in Unarmed Combat
  8382 | D:7      | Reached skill level 5 in Evocations
  8421 | D:7      | Reached XP level 10. HP: 29/76 MP: 18/18
  8454 | D:7      | Found a sand-covered staircase.
  8461 | D:7      | HP: 22/76 [mummy (6)]
  8602 | Ossuary  | Entered an ossuary
  9538 | D:7      | HP: 22/76 [troll (3)]
 10075 | D:7      | Learned a level 3 spell: Mephitic Cloud
 11295 | D:8      | Noticed Psyche
 11330 | D:8      | Killed Psyche
 12683 | D:9      | Found a staircase to the Lair.
 12711 | D:10     | Entered Level 10 of the Dungeon
 12718 | D:10     | HP: 17/77 [vampire mosquito (7)]
 12724 | D:10     | HP: 14/77 [vampire mosquito (3)]
 12732 | D:10     | Reached skill level 5 in Conjurations
 12732 | D:10     | Reached skill level 5 in Summonings
 12732 | D:10     | Reached skill level 5 in Necromancy
 12732 | D:10     | Reached skill level 5 in Translocations
 12732 | D:10     | Reached skill level 5 in Transmutations
 12732 | D:10     | Reached skill level 5 in Fire Magic
 12732 | D:10     | Reached skill level 5 in Ice Magic
 12732 | D:10     | Reached skill level 5 in Air Magic
 12732 | D:10     | Reached skill level 5 in Earth Magic
 12732 | D:10     | Reached skill level 5 in Poison Magic
 12735 | D:10     | Reached XP level 11. HP: 35/83 MP: 3/21
 12886 | D:10     | Found a shadowy altar of Dithmenos.
 13302 | D:10     | Noticed a brown ugly thing
 13378 | D:9      | Identified the +9 glaive "Acarineslayer" {freeze, rN+
                  | Will++ Str+3 Stlth+}
 14393 | D:10     | Identified the +1 falchion of Radicalism {flame, rF+}
 14611 | Lair:1   | Entered Level 1 of the Lair of Beasts
 14890 | Lair:1   | Noticed Amaemon
 14929 | Lair:1   | HP: 21/84 [Amaemon/+0 demon whip of venom (5)]
 14931 | Lair:1   | Killed Amaemon
 14939 | Lair:1   | HP: 25/84 [poisoned by Amaemon]
 15123 | Lair:1   | HP: 17/84 [poisoned by an orange demon]
 15488 | Lair:1   | Noticed a catoblepas
 15508 | Lair:1   | Killed a catoblepas
 16550 | Lair:2   | Found a frozen archway.
 16583 | IceCv    | Entered an ice cave
 16643 | IceCv    | Reached XP level 12. HP: 87/91 MP: 21/23
 16671 | IceCv    | HP: 24/92 [polar bear (4)]
 16887 | IceCv    | Noticed a death yak
 17920 | Lair:3   | Noticed a death yak
 17921 | Lair:3   | Noticed a death yak
 17922 | Lair:3   | Noticed a death yak
 17923 | Lair:3   | Noticed a death yak
 17923 | Lair:3   | Noticed a death yak
 17924 | Lair:3   | Noticed a death yak
 17937 | Lair:3   | Killed a death yak
 17949 | Lair:3   | HP: 25/92 [death yak (12)]
 17951 | Lair:3   | Killed a death yak
 17955 | Lair:3   | HP: 15/92 [death yak (17)]
 17978 | Lair:3   | HP: 14/92 [water moccasin (7)]
 17983 | Lair:3   | HP: 24/92 [poisoned by a water moccasin]
 17988 | Lair:3   | HP: 20/92 [poisoned by a water moccasin]
 17990 | Lair:3   | HP: 9/92 [water moccasin (10)]
 17991 | Lair:3   | Noticed a death yak
 17991 | Lair:3   | Noticed a death yak
 17991 | Lair:3   | Noticed a death yak
 17991 | Lair:3   | Noticed a death yak
 17995 | Lair:3   | HP: 7/92 [death yak (4)]
 17995 | Lair:3   | Slain by a death yak

Illustrated notes

Levels and vault maps discovered:
D:1:      dpeg_arrival_simpleton_c, layout_basic,
          shapermc_ecumenical_altar_mp_highgroup
D:2:      layout_basic, uniq_sigmund
D:3:      layout_rooms, nicolae_overflow_crystal_walls, serial_bayou_pond_a
D:4:      layout_basic, mainiacjoe_overflow_alcove_2, temple_green,
          gammafunk_ghost_necromancy, hangedman_decor_growths
D:5:      layout_loops_ring, mainiacjoe_overflow_catwalk,
          cheibrodos_sewer_entry_bend, hangedman_abyss_or_decor_stagger,
          minmay_misc_feat_ornament, st_stairs_6, grunt_ministairs_13,
          uniq_blork_the_orc
D:6:      layout_cave_pods, trog_antimagical, uniq_pikel
D:7:      hellmonk_ruined_rings, layout_cave_pools, nicolae_ossuary_entry_giza,
          serial_gnoll_camp, gnoll_camp_mini_hut, gnoll_camp_mini_house,
          gnoll_camp_huts_moat, gnoll_camp_mini_basic, gnoll_camp_mini_loothouse
D:8:      layout_loops_corners, uniq_psyche
D:9:      layout_cave_pods, lair_entry_dummy
D:10:     layout_rooms, grunt_dithmenos_smoke, nicolae_ru_the_path_less_chosen,
          kennysheep_little_box, orc_0_dummy, minmay_beelzebubs_servants
Temple:   nicolae_temple_no_exploring_needed
Lair:1:   layout_chaotic_city, cheibrodos_lair_reptile_den, lemuel_fruit_tree,
          uniq_amaemon
Lair:2:   layout_regular_city, portal_ice_cave_entry_pillars_1,
          serial_bayou_shore_a
Lair:3:   layout_cave_pods, nicolae_swamp_entry_spooky, dummy_spider_entry,
          cheibrodos_lair_caveside_slide, minivault_19

Skill      XL: |  1  2  3  4  5  6  7  8  9 10 11 12 |
---------------+-------------------------------------+-----
Fighting       | 3 4 5 6 7 8 |  8.1
Short Blades   | 1 2 3 5 6 7 |  7.6
Long Blades    | 1 2 3 5 6 7 |  7.6
Axes           | 1 2 3 5 6 7 |  7.6
Maces & Flails | 1 2 3 5 6 7 |  7.6
Polearms       | 1 2 3 5 6 7 |  7.6
Staves         | 1 2 3 5 6 7 |  7.6
Throwing       | 1 2 3 5 6 7 |  7.6
Armour         | 1 2 3 5 6 7 |  7.6
Stealth        | 1 2 3 5 6 7 |  7.6
Shields        | 1 2 3 5 6 7 |  7.6
Unarmed Combat | 1 2 3 5 6 7 |  7.6
Spellcasting   | 3 4 5 6 7 8 |  8.2
Conjurations   | 1 2 3 4 5 6 |  6.3
Summonings     | 1 2 3 4 5 6 |  6.3
Necromancy     | 1 2 3 4 5 6 |  6.3
Translocations | 1 2 3 4 5 6 |  6.3
Transmutations | 1 2 3 4 5 6 |  6.3
Fire Magic     | 1 2 3 4 5 6 |  6.3
Ice Magic      | 1 2 3 4 5 6 |  6.3
Air Magic      | 1 2 3 4 5 6 |  6.3
Earth Magic    | 1 2 3 4 5 6 |  6.3
Poison Magic   | 1 2 3 4 5 6 |  6.3
Invocations    | 1 2 3 4 5 6 7 8 |  8.4
Evocations     | 1 2 3 5 6 7 |  7.6
Ranged Weapons | 5 6 7 8 9 |  9.0
Dodging        | 5 6 7 8 9 |  9.0
Hexes          | 6 7 8 |  8.5

Action                     |  1- 3 |  4- 6 |  7- 9 | 10-12 || total
---------------------------+-------+-------+-------+-------++-------
  Melee: Dagger            |    19 |   112 |   450 |   265 ||   846
         Bite              |     3 |    10 |    67 |   137 ||   217
         Punch             |       |     1 |    13 |    30 ||    44
         Unarmed           |       |       |     5 |       ||     5
         Rapier            |       |       |       |   140 ||   140
         Whip              |       |       |       |   118 ||   118
         Glaive            |       |       |       |   274 ||   274
   Fire: Sling             |    49 |    68 |    79 |   217 ||   413
  Throw: Dart              |       |       |     2 |       ||     2
   Cast: Slow              |       |       |     7 |     4 ||    11
 Invoke: Potion Petition   |       |       |     1 |     5 ||     6
         Call Merchant     |       |       |       |     1 ||     1
  Evoke: Wand              |       |       |       |    11 ||    11
    Use: Scroll            |       |     2 |     6 |    13 ||    21
         Potion            |       |       |     2 |     6 ||     8
   Stab: Sleeping          |       |     1 |     3 |     1 ||     5
         Distracted        |       |       |     1 |       ||     1
         Invisible         |       |       |       |     2 ||     2
 Armour: Robe              |     2 |       |       |       ||     2
         Ring mail         |     6 |    21 |    37 |       ||    64
         Chain mail        |       |       |    85 |   386 ||   471
         Skin              |       |       |     1 |     1 ||     2
  Dodge: Dodged            |    15 |    98 |   253 |   471 ||   837

Table legend: (Time is in decaauts)
 A = Elapsed time spent in this place.
 B = Non-inter-level travel time spent in this place.
 C = Inter-level travel time spent in this place.
 D = Time resting spent in this place.
 E = Time spent auto-exploring this place.
 F = Levels seen in this place.
 G = Mean time per level.
                   A        B        C        D        E       F      G
               +--------+--------+--------+--------+--------+-----+--------+
         Total |  18055 |  17160 |    895 |   2804 |   9354 |  17 | 1062.1 |
       Dungeon |  13620 |  12867 |    753 |   1970 |   7437 |  10 | 1362.0 |
        Temple |     29 |     17 |     12 |      0 |      0 |   1 |   29.0 |
          Lair |   2951 |   2821 |    130 |    396 |   1641 |   3 |  983.7 |
         Sewer |    304 |    304 |      0 |      0 |    185 |   1 |  304.0 |
       Ossuary |    808 |    808 |      0 |    203 |     90 |   1 |  808.0 |
      Ice Cave |    340 |    340 |      0 |    233 |      0 |   1 |  340.0 |
               +--------+--------+--------+--------+--------+-----+--------+

Top non-repeatable levels by time:
     D:7: 2336 daAuts
     D:5: 2099 daAuts
     D:6: 1932 daAuts
     D:8: 1592 daAuts
  Lair:1: 1474 daAuts
     D:4: 1369 daAuts
  Lair:2: 1351 daAuts
     D:9: 1148 daAuts
     D:1: 986 daAuts
 Ossuary: 808 daAuts
     D:3: 753 daAuts
    D:10: 738 daAuts
     D:2: 663 daAuts
   IceCv: 340 daAuts
   Sewer: 304 daAuts
